 Dungeon Crawl Stone Soup version 0.27.1-33-g824d729ab1 (webtiles) character file.

Game seed: 6938722376401818072

834 dianekeaton the Cruncher (level 7, -20/56 HPs)
             Began as a Minotaur Gladiator on Dec 8, 2021.
             Killed by an exploding killer bee (28 damage)
             ... ignited by their inner flame
             ... on level 5 of the Dungeon.
             The game lasted 00:09:51 (4291 turns).

dianekeaton the Cruncher (Minotaur Gladiator)       Turns: 4291, Time: 00:09:52

Health: -20/56     AC:  7    Str: 20    XL:     7   Next: 66%
Magic:  6/6        EV: 13    Int:  5    God:
Gold:   143        SH:  0    Dex: 12    Spells: 6/6 levels left

rFire    . . .     SeeInvis .   a - +1 quarterstaff (drain)
rCold    . . .     Faith    .   (shield currently unavailable)
rNeg     . . .     Spirit   .   b - +3 leather armour
rPois    .         Reflect  .   c - +0 hat
rElec    .         Harm     .   (no cloak)
rCorr    .         Rampage  .   (no gloves)
Will     .....                  k - +0 pair of boots
Stlth    +.........             (no amulet)
HPRegen  0.18/turn              (no ring)
MPRegen  0.10/turn              (no ring)

@: lethally poisoned (-20 -> -46)
A: horns 2, retaliatory headbutt
a: no special abilities


You were on level 5 of the Dungeon.
You visited 1 branch of the dungeon, and saw 5 of its levels.

You collected 143 gold pieces.

Inventory:

Hand Weapons
 a - a +1 quarterstaff of draining (weapon)
Armour
 b - a +3 leather armour (worn)
 c - a +0 hat (worn)
 k - a +0 pair of boots (worn)
Magical Staves
 e - a staff of air
Jewellery
 d - a +6 ring of intelligence
Scrolls
 l - a scroll of enchant weapon
 n - a scroll of identify
Potions
 f - 3 potions of lignification
 g - a potion of degeneration
 j - 2 potions of might {unknown}
 m - 2 potions of magic {unknown}
 o - a potion of invisibility {unknown}
 q - a potion of curing {unknown}


   Skills:
 - Level 2.4 Fighting
 * Level 8.9 Staves
 - Level 2.0 Throwing
 * Level 5.4 Armour
 + Level 4.3 Dodging


You had 6 spell levels left.
You didn't know any spells.
Your spell library contained the following spells:

 Spells                   Type           Power      Damage    Failure   Level
 Blink                    Tloc           N/A        N/A       67%         2
 Manifold Assault         Tloc           0%         N/A       100%        5
 Storm Form               Tmut/Air       0%         N/A       100%        7


Dungeon Overview and Level Annotations

Branches:
Dungeon (5/15)             Temple (0/1) D:5

Altars:
Uskayaw


Innate Abilities, Weirdness & Mutations

You have a pair of horns on your head.
You reflexively headbutt those who attack you in melee.


Message History

You feel very sick. The killer bee misses you. The killer bee stings you.
The killer bee barely misses you. The killer bee stings you.
You are more poisoned.
The killer bee poisons you! The killer bee stings you.
You are more poisoned.
The killer bee poisons you! The killer bee closely misses you.
You furiously retaliate!
You headbutt the killer bee. The killer bee misses you.
The killer bee barely misses you. You furiously retaliate!
You headbutt the killer bee! The killer bee closely misses you.
The killer bee stings you.
You are lethally poisoned!
The killer bee poisons you!
Really read the scroll of immolation?
Uppercase [Y]es or [N]o only, please.
Really read the scroll of immolation?
As you read the scroll of immolation, it crumbles to dust.
The creatures around you are filled with an inner flame!
You feel extremely sick. The killer bee misses you. The killer bee stings you.
The killer bee barely misses you. The killer bee stings you.
You are more poisoned.
The killer bee poisons you! The killer bee stings you.
The killer bee barely misses you. The killer bee completely misses you.
You furiously retaliate!
You headbutt the killer bee.
Flame seeps out of the killer bee.
The killer bee misses you. You furiously retaliate!
You headbutt the killer bee.
Flame seeps out of the killer bee.
The killer bee stings you.
* * * LOW HITPOINT WARNING * * *
The killer bee barely misses you.
* * * LOW HITPOINT WARNING * * *
You feel extremely sick.
The killer bee stings you but does no damage.
The killer bee is engulfed in blazing flames.
Flame seeps out of the killer bee.
The killer bee is engulfed in blazing flames.
The killer bee explodes!
The fiery explosion engulfs you!!
Ouch! That really hurt!
You die...

...≈≈≈≈≈≈...# #....#
.>.≈≈≈≈≈≈.#.###....###
...≈≈≈≈≈≈.#..........# #####
≈≈≈≈≈≈≈≈.............###...######
≈≈≈≈≈≈....#..>.........).........
≈≈≈≈......#.###.....#............
............# #...J.#.#.###.#####
#.##.###...## #..yy...##...######
#....# ##### ##@y○y.............
####.# ##○y........#####. #.#
#......###.#####. #.# #......#
#...yJyy #.# #......# #.##.##y
#.# #..........# .# #.#
#.#.####.### .. #.# #.#.# #.# .##
#.# . ..


You could see a jelly (inner flame) and 5 killer bees.

Vanquished Creatures
  A sky beast (D:5)
  A necrophage (D:5)
  4 ogres
  A centaur (D:5)
  A killer bee (D:5)
  A howler monkey (D:5)
  An orc priest (D:5)
  2 iguanas
  A gnoll (D:1)
  3 adders (D:2)
  An adder skeleton (D:4)
  3 dart slugs
  8 orcs
  5 ball pythons
  7 endoplasms
  7 giant cockroaches
  7 goblins
  3 hobgoblins
  3 jackals (D:1)
  3 quokkas
  5 bats
  5 frilled lizards
  8 kobolds
  6 rats
87 creatures vanquished.

Notes
Turn   | Place    | Note
-------+----------+-------------------------------------------
     0 | D:1      | dianekeaton the Minotaur Gladiator began the quest for the
                  | Orb.
     0 | D:1      | Reached XP level 1. HP: 18/18 MP: 0/0
    36 | D:1      | Reached skill level 4 in Staves
    62 | D:1      | Reached XP level 2. HP: 25/25 MP: 1/1
   165 | D:1      | Reached skill level 1 in Armour
   439 | D:1      | Reached XP level 3. HP: 30/30 MP: 2/2
  1212 | D:2      | Reached skill level 5 in Staves
  1333 | D:2      | Found a faded altar of an unknown god.
  1365 | D:2      | Found a hide-covered altar of Uskayaw.
  1561 | D:2      | Reached XP level 4. HP: 26/37 MP: 3/3
  2956 | D:4      | Noticed an ogre
  2965 | D:4      | Killed an ogre
  2966 | D:4      | Reached skill level 6 in Staves
  2966 | D:4      | Reached XP level 5. HP: 42/42 MP: 4/4
  3051 | D:4      | Noticed an ogre
  3058 | D:4      | Killed an ogre
  3059 | D:4      | Reached XP level 6. HP: 50/50 MP: 5/5
  3094 | D:4      | Reached skill level 7 in Staves
  3733 | D:5      | Entered Level 5 of the Dungeon
  3750 | D:5      | Reached XP level 7. HP: 40/56 MP: 6/6
  3753 | D:5      | Reached skill level 8 in Staves
  3890 | D:5      | Reached skill level 5 in Armour
  4154 | D:5      | Found a staircase to the Ecumenical Temple.
  4291 | D:5      | Killed by an exploding killer bee... ignited by their inner
                  | flame

Illustrated notes

Levels and vault maps discovered:
D:1:      lightli_arrival_statuegarden, layout_basic
D:2:      kennysheep_big_flooded_room, layout_basic, basic_altar,
          hellmonk_ecumenical_altar_zigzags
D:3:      layout_rooms
D:4:      layout_gridville
D:5:      layout_loops_ring, lemuel_tele_altar, temple_pool_b

Skill      XL: |  1  2  3  4  5  6  7 |
---------------+----------------------+-----
Staves         | 4 5 6 7 8 |  8.9
Armour         | 1 3 4 5 |  5.4
Dodging        | 4 |  4.3
Fighting       | |  2.4
Throwing       | |  2.0

Action                   |  1- 3 |  4- 6 |  7- 9 || total
-------------------------+-------+-------+-------++-------
Melee: Quarterstaff      |    70 |    89 |    40 ||   199
       Headbutt          |     5 |    14 |     5 ||    24
Throw: Throwing net      |     1 |     4 |       ||     5
  Use: Scroll            |     2 |    10 |     1 ||    13
       Potion            |       |       |     3 ||     3
Armor: Leather armour    |    10 |    15 |    28 ||    53
       Ring mail         |    21 |    11 |       ||    32
Dodge: Dodged            |    48 |    40 |    49 ||   137
